 Dungeon Crawl Stone Soup version 0.23.2-40-g277498a001 (webtiles) character file.

Game seed: 4711681819245548900

1791 Dexcius the Cleaver (level 8, 0/109 HPs)
             Began as a Minotaur Berserker on Aug 23, 2019.
             Was an Elder of Trog.
             Slain by a gnoll
             ... wielding a cursed -3 spear
              (2 damage)
             ... on level 9 of the Dungeon.
             The game lasted 00:18:10 (4709 turns).

Dexcius the Cleaver (Minotaur Berserker)            Turns: 4709, Time: 00:18:11

Health: 0/109      AC: 16    Str: 28    XL:     8   Next: 82%
Magic:  7/7        EV:  9    Int:  4    God:    Trog [****..]
Gold:   338        SH:  0    Dex: 11    Spells: 7/7 levels left

rFire    + . .     SeeInvis .   p - +0 war axe
rCold    + . .     Gourm    .   (no shield)
rNeg     . . .     Faith    .   t - +0 plate armour
rPois    .         Spirit   .   (helmet restricted)
rElec    .         Reflect  .   q - scarf {rC+ rF+}
rCorr    .         Harm     .   o - +0 pair of gloves
MR       .....                  r - +0 pair of boots
Stlth    ..........             (no amulet)
HPRegen  0.28/turn              (no ring)
MPRegen  0.10/turn              (no ring)

@: berserking (expiring), very quick
A: retaliatory headbutt, horns 2
a: Berserk, Trog's Hand, Brothers in Arms, Renounce Religion


You were on level 9 of the Dungeon.
You worshipped Trog.
Trog was greatly pleased with you.
You were not hungry.

You visited 1 branch of the dungeon, and saw 7 of its levels.

You collected 338 gold pieces.

Inventory:

Hand Weapons
 p - a +0 war axe (weapon)
Armour
 o - a +0 pair of gloves (worn)
 q - a scarf of resistance (worn)
 r - a +0 pair of boots (worn)
 t - a +0 plate armour (worn)
Wands
 g - a wand of polymorph (5)
Scrolls
 b - 2 scrolls of teleportation
 e - 4 scrolls of identify
 f - a scroll of blinking {unknown}
 h - a scroll of magic mapping {unknown}
 j - 2 scrolls of fog {unknown}
 k - a scroll of fear {unknown}
 l - 2 scrolls of remove curse
 n - 2 scrolls of amnesia {unknown}
 s - a scroll of enchant weapon {unknown}
Potions
 a - 2 potions of ambrosia
 d - a potion of might
 i - 3 potions of curing
 m - 2 potions of flight
Comestibles
 c - 6 rations


   Skills:
 + Level 7.5 Fighting
 + Level 9.4 Axes
 + Level 7.7 Armour
 + Level 3.6 Dodging
 + Level 0.8 Stealth


You had 7 spell levels left.
You didn't know any spells.
Your spell library was empty.

Dungeon Overview and Level Annotations

Branches:
Dungeon (6/15)             Temple (0/1) D:6

Altars:
Ashenzari
Nemelex Xobeh
Zin
The Shining One


Innate Abilities, Weirdness & Mutations

You reflexively headbutt those who attack you in melee.
You have a pair of horns on your head.


Message History

* * * LOW HITPOINT WARNING * * *
You closely miss something. You headbutt something!
The gnoll closely misses you.
You closely miss something. Your headbutt misses something.
Unholy energy fills the air.
* * * LOW HITPOINT WARNING * * *
The gnoll completely misses you.
A gnoll comes into view. It is wielding a +0 flail.
You closely miss something. You headbutt something! Trog accepts your kill.
Trog appreciates your killing of a magic user.
Reactivating autopickup.
You feel a bit more experienced. The gnoll hits you with a +0 halberd.
* * * LOW HITPOINT WARNING * * *
You hit the gnoll. You headbutt the gnoll!
You kill the gnoll!
Trog accepts your kill.
The gnoll hits you with a cursed -3 spear.
You die...

#... .......
#...###.......
#.............
#.............
#...........(.
#.............
#...?.........
#..#.............
#...g.g@.........
#........).......
#..##............
. #............
#.)......###.
#........#
#.####...# #.
...#


You could see 2 gnolls.

Vanquished Creatures
  A vampire (D:9)
  An ice beast (D:6)
  A sky beast (D:5)
  3 ogres
  A centaur (D:6)
  A phantom (D:5)
  3 bullfrogs (D:6)
  A scorpion (D:5)
  A howler monkey (D:6)
  A jelly (D:6)
  2 crimson imps
  2 hounds (D:4)
  2 orc priests
  An iguana (D:4)
  3 orc wizards (D:4)
  4 worker ants
  A hound zombie (D:6)
  10 gnolls
  7 adders
  A shadow imp (D:5)
  An ooze (D:1)
  An adder zombie (D:5)
  2 adder skeletons (D:4)
  4 worms
  2 dart slugs (D:1)
  2 leopard geckos
  17 orcs
  4 bats
  10 giant cockroaches
  9 goblins
  11 hobgoblins
  7 jackals
  3 quokkas
  4 ball pythons
  9 frilled lizards
  A jackal skeleton (D:5)
  12 kobolds
  A leopard gecko skeleton (D:6)
  A quokka skeleton (D:5)
  8 rats
156 creatures vanquished.

Notes
Turn   | Place    | Note
-------+----------+-------------------------------------------
     0 | D:1      | Dexcius the Minotaur Berserker began the quest for the Orb.
     0 | D:1      | Reached XP level 1. HP: 19/19 MP: 0/0
    16 | D:1      | Reached XP level 2. HP: 14/27 MP: 1/1
    16 | D:1      | Reached skill level 4 in Axes
   438 | D:1      | Reached XP level 3. HP: 34/34 MP: 2/2
   440 | D:1      | Reached ** piety under Trog
   822 | D:2      | Reached XP level 4. HP: 34/41 MP: 3/3
  1284 | D:2      | Reached skill level 5 in Fighting
  1362 | D:2      | Reached skill level 5 in Axes
  1389 | D:2      | Reached *** piety under Trog
  1421 | D:2      | Found a glowing silver altar of Zin.
  1652 | D:3      | Reached XP level 5. HP: 48/48 MP: 4/4
  2249 | D:4      | Noticed an ogre
  2272 | D:4      | Reached XP level 6. HP: 29/56 MP: 5/5
  2275 | D:4      | Reached skill level 6 in Axes
  2285 | D:4      | HP: 4/84 [orc wizard/magic dart (7)]
  2288 | D:4      | HP: 1/56 [orc wizard/+0 dagger (2)]
  2623 | D:4      | Reached skill level 5 in Armour
  2714 | D:4      | Reached XP level 7. HP: 61/62 MP: 6/6
  2821 | D:4      | Found a glowing golden altar of the Shining One.
  3262 | D:5      | Entered Level 5 of the Dungeon
  3287 | D:5      | Found a sparkling altar of Nemelex Xobeh.
  3299 | D:5      | Reached skill level 7 in Axes
  3390 | D:5      | Reached **** piety under Trog
  3902 | D:5      | Reached skill level 8 in Axes
  3902 | D:5      | Reached XP level 8. HP: 51/71 MP: 7/7
  4009 | D:6      | Found a staircase to the Ecumenical Temple.
  4422 | D:6      | Found a shattered altar of Ashenzari.
  4675 | D:6      | Reached skill level 9 in Axes
  4681 | D:6      | You fall through a shaft for 3 floors!
  4705 | D:9      | HP: 5/109 [something/vampiric draining (8)]
  4707 | D:9      | HP: 2/109 [gnoll/+0 halberd (4)]
  4709 | D:9      | Slain by a gnoll

Skill      XL: |  1  2  3  4  5  6  7  8 |
---------------+-------------------------+-----
Axes           | 4 5 6 8 9 |  9.4
Fighting       | 4 5 6 7 |  7.5
Armour         | 3 4 5 6 7 |  7.7
Dodging        | 3 |  3.6
Stealth        | |  0.8

Action                   |  1- 3 |  4- 6 |  7- 9 || total
-------------------------+-------+-------+-------++-------
Melee: Hand axe          |    64 |   202 |    70 ||   336
       Headbutt          |     7 |    25 |    35 ||    67
       War axe           |       |       |   108 ||   108
Invok: Berserk           |     1 |     1 |     1 ||     3
  Use: Potion            |       |     6 |     3 ||     9
       Scroll            |       |       |     2 ||     2
  Eat: Ration            |     1 |     2 |     2 ||     5
Armor: Animal skin       |     4 |       |       ||     4
       Chain mail        |    31 |    98 |    89 ||   218
       Skin              |       |    12 |       ||    12
       Plate armour      |       |       |    17 ||    17
Dodge: Dodged            |    38 |    67 |    68 ||   173
